cohdb
Replays
Latest Replays
All Replays
Popular Replays
Top Player Replays
Match Explorer
How It Works
Community
CoH3 Stats
Reddit
Sign in to upload your games and track your stats! →
Sign in with Steam
Match 45942730
Unlisted
Match 45942730
Overview
Messages
Build Orders
End
Construct Barracks
Selects Advanced Infantry Battlegroup
Riflemen Squad
M1 Mortar Team
1⁄4-ton 4x4 Truck
Construct Weapon Support Center
Selects Artillery Observers
M1919 Machine Gun Team
Riflemen Squad
Selects Convert to Ranger Squad
Convert to Ranger Squad
Selects Frontline Medical Station
Frontline Medical Station
Infantry Support Center
Grenade Package
Advanced Logistics
Bazooka Squad
Selects Ranger Weapon Training
Construct Motor Pool
M1 Anti-tank Gun Team
M24 Chaffee Light Tank
Selects M2A1 105mm Howitzer Emplacement
Selects Free Fire Drills
Survival Training
Engineer Squad
M24 Chaffee Light Tank
Bazooka Squad
M24 Chaffee Light Tank
AI Takeover
CUPCAKE RANGER
Fajolada
0
0
Comments
sign in to comment!
No comments posted yet!